 Dungeon Crawl Stone Soup version 0.19-a0-659-g8260ecf (webtiles) character file.

173053 hypermopl the Grand Gadgeteer (level 17, -18/144 HPs)
             Began as a Black Draconian Warper on June 15, 2016.
             Was the Champion of Pakellas.
             Killed from afar by a crystal guardian (36 damage)
             ... with a crystal bolt
             ... on level 3 of the Elven Halls.
             The game lasted 02:26:35 (47887 turns).

hypermopl the Grand Gadgeteer (DrWr)               Turns: 47887, Time: 02:26:37

Health: -18/144    AC: 20    Str: 14    XL:     17   Next: 42%
Magic:  9/9        EV: 19    Int: 14    God:    Pakellas [******]
Gold:   873        SH:  8    Dex: 17    Spells: 3 memorised, 15 levels left

rFire  . . .     SeeInvis .     O - +4 demon blade (antimagic)
rCold  . . .     Gourm    +     (armour unavailable)
rNeg   + . .     Faith    .     i - +2 buckler {reflect}
rPois  .         Spirit   .     Y - +2 hat {MR+}
rElec  +         Dismiss  .     R - +2 cloak
rCorr  .         Reflect  +     E - +1 pair of gloves
SustAt .         Harm     .     y - +0 pair of boots
MR     ++++.                    C - amulet of the gourmand
Stlth  +++++.....               r - ring "Huprifomm" {rN+ MR++ Slay+2, =R}
                                q - +3 ring of protection

@: flying, incredibly resistant to hostile enchantments, quite stealthy
A: breathe lightning, unfitting armour, big wings, electricity resistance,
cold-blooded, AC +9
a: Breathe Lightning, Stop Flying, Quick Charge, Device Surge, Supercharge,
Renounce Religion


You were on level 3 of the Elven Halls.
You worshipped Pakellas.
Pakellas was exalted by your worship.
You were completely stuffed.

You visited 6 branches of the dungeon, and saw 28 of its levels.
You visited 1 bazaar.
You also visited: Wizlab.

You collected 2960 gold pieces.
You spent 2087 gold pieces at shops.

Inventory:

Hand Weapons
 a - a +2 scimitar of flaming
 b - a +1 dagger of venom
 O - a +4 antimagic demon blade (weapon)
Armour
 i - a +2 buckler of reflection (worn)
 y - a +0 pair of boots (worn)
 E - a +1 pair of gloves (worn)
 R - a +2 cloak (worn)
 Y - a +2 hat of magic resistance (worn)
Rods
 G - a +3 lightning rod (4/15)
   (You found it on level 1 of the Spider Nest)
 S - a +9 rod of inaccuracy (17/17) {!a}
   (Pakellas gifted it to you on level 2 of the Lair of Beasts)
Jewellery
 q - a +3 ring of protection (left hand)
 r - the ring "Huprifomm" (right hand) {rN+ MR++ Slay+2, =R}
   (You bought it in a shop on level 2 of the Elven Halls)

   [ring of slaying]

   It affects your accuracy and damage with ranged weapons and melee attacks
   (+2).
   It protects you from negative energy.
   It affects your resistance to hostile enchantments.
 C - an amulet of the gourmand (around neck)
 K - an uncursed ring of ice
 X - an uncursed ring of sustain attributes
Wands
 d - a wand of iceblast (8/15)
 j - a wand of disintegration (17/24)
 n - a wand of confusion (33/48)
 p - a wand of polymorph (12/24)
 s - a wand of digging (12/24)
 v - a wand of enslavement (7/24)
 A - a wand of slowing (11/48)
 B - a wand of lightning (4/15)
 D - a wand of paralysis (17/24)
 M - a wand of paralysis (16/24)
 P - a wand of acid (8/15)
 Q - a wand of iceblast (11/15)
 U - a wand of iceblast (8/15)
 V - a wand of acid (5/15)
Scrolls
 c - 5 scrolls of blinking
 h - a scroll of brand weapon
 k - 5 scrolls of fear
 l - 4 scrolls of remove curse
 x - 9 scrolls of identify
 H - 9 scrolls of teleportation
 I - 6 scrolls of fog
 J - 5 scrolls of magic mapping
Potions
 e - 15 potions of magic
 g - 5 potions of heal wounds
 m - 2 potions of ambrosia
 t - 2 potions of berserk rage {!q}
 u - 9 potions of curing
 z - 4 potions of might
 F - 3 potions of agility
 T - 4 potions of haste
 W - 3 potions of resistance
Miscellaneous
 w - a phantom mirror
 L - a phial of floods
 N - a box of beasts
 Z - a lamp of fire
Comestibles
 f - 10 bread rations
 o - a meat ration


   Skills:
 + Level 11.5 Fighting
 - Level 14.0 Long Blades
 + Level 3.1 Throwing
 + Level 9.9 Dodging
 - Level 16.0 Stealth
 - Level 5.0 Shields
 - Level 2.0 Spellcasting
 - Level 3.0 Translocations
 * Level 17.2 Evocations


You had 15 spell levels left.
You knew the following spells:

 Your Spells              Type           Power        Failure   Level  Hunger
a - Apportation           Tloc           #.........   10%         1    ##.....
e - Blink                 Tloc           N/A          12%         2    ###....
f - Shroud of Golubria    Chrm/Tloc      #.........   21%         2    ###....


Dungeon Overview and Level Annotations

Branches:
Dungeon (15/15)            Temple (0/1) D:5            Lair (6/6) D:11
  Swamp (1/4) Lair:3       Spider (1/4) Lair:3        Slime (0/5) Lair:6
    Orc (2/2) D:10            Elf (3/3) Orc:2        Vaults (0/5) D:14
 Depths (0/5) D:15

Altars:
Dithmenos
Elyvilon
Hepliaklqana
Nemelex Xobeh
Pakellas
Uskayaw
Xom
Beogh
Jiyva

Shops:
D:6 ?   D:11 ?((?   D:12 %%   Orc:2 (*?(   Elf:2 =

Portals:
Trove: D:11 (give +4 storm dragon armour)

Annotations:
D:14 1 runed door, exclusions: 2 fire elementals and 4 hell hounds, Azrael
Elf:2 3 runed doors


Innate Abilities, Weirdness & Mutations

You can breathe wild blasts of lightning.
Your glossy black scales are hard. (AC +9)
Your body does not fit into most forms of armour.
Your large and strong wings let you fly indefinitely.
You are resistant to electric shocks. (rElec)
You are cold-blooded and may be slowed by cold attacks.


Message History

The crystal guardian is moderately damaged.
You slash the crystal guardian!
The crystal guardian's magic leaks into the air.
The crystal guardian is heavily damaged.
You block the deep elf annihilator's attack.
The crystal guardian fires a crystalline bolt at you.
The crystal bolt misses you.
You hit the crystal guardian but do no damage.
The crystal guardian is heavily damaged.
You block the deep elf annihilator's attack.
The crystal guardian hits you!!
You hear a shout!
Unknown command.
The deep elf annihilator points at you and mumbles some strange words.
The crystal spear hits you!
* * * LOW HITPOINT WARNING * * *
The crystal guardian fires a crystalline bolt at you.
The crystal bolt freezes you!
You die...
Pakellas says: Back to the drawing board!

****,,,,,,....,,,,,,,,,****
****,,,,....,,,,,****
***,,....,,,*** ***,...,***
*##.##* ##...## #...e.#
#....8# *** ####@####
***###### *,* #.......##
#+##....) *,**
#........####.##..)..
*,,**#........'....##..)..
*,,..'........#.....'.....
*,*###........#.#####.....
*,* *##.......#.# ##....
*,* *......#+##.# ##### *,*
*......#,*#.#


You could see a deep elf annihilator and a crystal guardian.

Vanquished Creatures
  Rupert (Orc:2)
  Asterion (Elf:3)
  Frances (Orc:2)
  Gastronok (Lair:2)
  Kirke (Orc:2)
  Roxanne (Spider:1)
  An orc warlord (Orc:2)
  Louise (D:14)
  2 deep elf elementalists (Elf:2)
  A deep elf annihilator (Orc:2)
  Snorg (Orc:1)
  A rakshasa (D:7)
  7 hydras
  6 centaur warriors
  2 ogre magi
  A queen ant (Spider:1)
  A catoblepas (Lair:3)
  11 dancing weapons
  4 tengu warriors
  A death yak (D:10)
  5 orc high priests
  The ghost of p0werm0de the Bludgeoner, a novice OgBe of Trog (D:9)
  A shadow wraith (D:14)
  The ghost of tstbtto the Cleaver, a novice CeBe of Trog (D:8)
  A fire crab (Lair:5)
  7 deep elf knights
  A spark wasp zombie (WizLab)
  A deep troll (D:14)
  4 unseen horrors
  18 deep elf archers
  Pikel (D:7)
  A harpy (shapeshifter) (D:15)
  A lindwurm (D:14)
  9 hill giants
  An orb spider (shapeshifter) (D:15)
  7 ugly things
  A wizard (D:9)
  8 orc knights
  9 wolf spiders (Spider:1)
  3 orb spiders (Spider:1)
  A cyclops (D:14)
  The ghost of WereVolvo the Insei, a novice OpTm of Cheibriados (D:6)
  3 orc sorcerers (Orc:2)
  39 deep elf magi
  A griffon (D:14)
  A torpor snail (Lair:6)
  11 elephants
  A black mamba (shapeshifter) (Orc:2)
  4 black mambas
  16 spiny frogs
  4 gargoyles
  A redback zombie (D:15)
  4 rime drakes
  8 komodo dragons
  2 demonic crawlers (Spider:1)
  A tengu conjurer (D:14)
  A spriggan druid (Lair:6)
  2 guardian mummies (WizLab)
  A jumping spider (shapeshifter) (D:13)
  A queen bee (D:8)
  12 trolls
  16 two-headed ogres
  7 jumping spiders
  12 blink frogs
  7 polar bears
  A boulder beetle (Lair:6)
  A meliai zombie (D:13)
  A deep troll zombie (WizLab)
  9 spriggans (Lair:6)
  3 shadows
  2 vampires
  40 redbacks
  4 water elementals
  An air elemental (Elf:1)
  9 tarantellas (Spider:1)
  A human (Orc:2)
  A wraith (D:11)
  3 hogs (Orc:2)
  4 wyverns
  51 yaks
  3 fire elementals
  2 hungry ghosts
  A steam dragon (D:14)
  3 basilisks
  5 hippogriffs
  7 vampire mosquitoes
  Menkaure (D:6)
  3 mottled dragons
  9 wargs
  2 swamp worms (Swamp:1)
  15 water moccasins
  8 soldier ants
  A swamp drake (Swamp:1)
  9 porcupines
  50 orc warriors
  2 eyes of draining
  5 ice beasts
  A sky beast (D:10)
  2 slaves
  4 black bears
  6 wasps
  5 phantoms
  22 wolves
  22 ogres
  15 crocodiles
  18 centaurs
  2 big kobolds
  23 giant frogs
  A gnoll sergeant (Orc:2)
  A wyvern zombie (D:10)
  4 earth elementals
  6 scorpions
  22 killer bees
  14 wights
  A howler monkey (D:9)
  An electric eel (Spider:1)
  12 crimson imps
  3 jellies
  4 quasits
  11 centaur skeletons
  Crazy Yiuf (D:7)
  A giant frog skeleton (D:9)
  34 orc priests
  8 hounds
  5 iguanas
  29 orc wizards
  7 hell rats (Lair:5)
  27 worker ants
  A killer bee zombie (D:8)
  8 sheep (Lair:3)
  4 hound skeletons
  2 worker ant zombies
  2 howler monkey zombies
  8 adders
  3 gnolls (D:11)
  51 river rats
  6 shadow imps
  3 oozes
  An adder zombie (D:8)
  5 worms
  3 dart slugs
  7 giant geckos
  142 orcs
  7 bats
  8 giant cockroaches
  12 goblins
  A hobgoblin (D:1)
  13 jackals
  5 quokkas
  A ball python (D:3)
  A ball python zombie (D:5)
  4 giant newts
  A jackal skeleton (D:6)
  10 kobolds
  3 quokka skeletons
  21 rats
  2 fungi (Lair:6)
1188 creatures vanquished.

Vanquished Creatures (collateral kills)
  A wasp (Lair:6)
1 creature vanquished.

Vanquished Creatures (others)
  A deep elf elementalist (Orc:2)
  A hill giant (D:11)
  A deep elf mage (Elf:2)
  2 humans (Elf:1)
  A centaur (D:15)
  A hound (D:7)
  2 orcs (D:11)
  8 bushes (D:7)
  16 fungi
  13 plants
46 creatures vanquished.

Grand Total: 1235 creatures vanquished

Notes
Turn   | Place    | Note
--------------------------------------------------------------
     0 | D:1      | hypermopl the Draconian Warper began the quest for the Orb.
     0 | D:1      | Reached XP level 1. HP: 17/17 MP: 3/3
   269 | D:1      | Reached XP level 2. HP: 24/24 MP: 5/5
   383 | D:1      | You fall through a shaft!
   565 | D:1      | Learned a level 2 spell: Blink
   655 | D:1      | Reached skill level 3 in Long Blades
   874 | D:1      | Reached skill level 1 in Evocations
  1130 | D:1      | Reached XP level 3. HP: 29/29 MP: 6/6
  1137 | D:1      | Learned a level 2 spell: Shroud of Golubria
  2072 | D:2      | Reached XP level 4. HP: 36/36 MP: 7/7
  2213 | D:3      | Found a faded altar of an unknown god.
  2228 | D:3      | Reached skill level 2 in Evocations
  2326 | D:3      | Found a hide-covered altar of Uskayaw.
  2386 | D:3      | Reached skill level 4 in Long Blades
  2404 | D:3      | Found a white marble altar of Elyvilon.
  2408 | D:3      | Found a hazy altar of Hepliaklqana.
  2474 | D:3      | Found a shadowy altar of Dithmenos.
  2505 | D:3      | Became a worshipper of Elyvilon the Healer
  2962 | D:3      | Reached XP level 5. HP: 41/41 MP: 8/8
  3331 | D:4      | Reached skill level 5 in Long Blades
  3331 | D:4      | Reached skill level 3 in Evocations
  3505 | D:4      | Noticed a phantom
  3609 | D:4      | Reached XP level 6. HP: 48/48 MP: 9/9
  3616 | D:4      | Reached * piety under Elyvilon
  4205 | D:4      | Reached skill level 6 in Long Blades
  4205 | D:4      | Reached skill level 4 in Evocations
  4644 | D:4      | Your scales start taking on a glossy black colour.
  4644 | D:4      | Reached XP level 7. HP: 55/55 MP: 10/10
  4644 | D:4      | Gained mutation: You are resistant to electric shocks. (rElec) [Black Draconian growth]
  4886 | D:5      | Entered Level 5 of the Dungeon
  4900 | D:5      | Reached skill level 7 in Long Blades
  4949 | D:5      | Found an oddly glowing altar of Pakellas.
  4954 | D:5      | Fell from the grace of Elyvilon
  4954 | D:5      | Became a worshipper of Pakellas the Inventive
  5129 | D:5      | Found a staircase to the Ecumenical Temple.
  5209 | D:5      | Found a shadowy altar of Dithmenos.
  5709 | D:6      | Reached skill level 1 in Stealth
  5709 | D:6      | Reached skill level 5 in Evocations
  5709 | D:6      | Reached XP level 8. HP: 59/61 MP: 11/11
  5834 | D:6      | Noticed WereVolvo's ghost (novice OpTm)
  5904 | D:6      | Killed WereVolvo's ghost
  5904 | D:6      | Reached skill level 8 in Long Blades
  5904 | D:6      | Reached skill level 2 in Stealth
  5972 | D:6      | Reached * piety under Pakellas
  5972 | D:6      | Received a gift from Pakellas
  6331 | D:6      | Reached skill level 9 in Long Blades
  6338 | D:6      | Reached skill level 3 in Stealth
  6552 | D:6      | Reached skill level 6 in Evocations
  6592 | D:6      | Found Dugixt's Magic Scroll Shoppe.
  6598 | D:6      | Bought a scroll of teleportation for 39 gold pieces
  6598 | D:6      | Bought a scroll of magic mapping for 45 gold pieces
  6598 | D:6      | Bought a scroll of vulnerability for 97 gold pieces
  6598 | D:6      | Bought a scroll of teleportation for 39 gold pieces
  6598 | D:6      | Bought a scroll of magic mapping for 45 gold pieces
  6743 | D:6      | Noticed Menkaure
  6750 | D:6      | Reached ** piety under Pakellas
  6750 | D:6      | Received a gift from Pakellas
  6759 | D:6      | Killed Menkaure
  6759 | D:6      | Reached XP level 9. HP: 67/67 MP: 13/13
  7279 | D:7      | Noticed Crazy Yiuf
  7303 | D:7      | Killed Crazy Yiuf
  7513 | D:7      | Noticed Pikel
  7522 | D:7      | Killed Pikel
  7522 | D:7      | Reached skill level 10 in Long Blades
  7522 | D:7      | Reached skill level 4 in Stealth
  7594 | D:8      | Noticed tstbtto's ghost (novice CeBe)
  7600 | D:8      | Killed tstbtto's ghost
  7600 | D:8      | Reached skill level 7 in Evocations
  7612 | D:8      | Reached skill level 5 in Stealth
  7737 | D:8      | Noticed a hill giant
  7752 | D:8      | Killed a hill giant
  7752 | D:8      | Reached skill level 11 in Long Blades
  7752 | D:8      | Reached XP level 10. HP: 73/73 MP: 15/15
  7804 | D:7      | Noticed a rakshasa
  7805 | D:7      | Noticed a centaur warrior
  8053 | D:8      | Found a sparkling altar of Nemelex Xobeh.
  8102 | D:8      | Reached *** piety under Pakellas
  8102 | D:8      | Received a gift from Pakellas
  8780 | D:8      | Reached skill level 8 in Evocations
  8809 | D:8      | Reached skill level 6 in Stealth
  9518 | D:9      | Noticed a hill giant
  9526 | D:9      | Killed a hill giant
  9526 | D:9      | Reached skill level 12 in Long Blades
  9767 | D:9      | Reached **** piety under Pakellas
  9767 | D:9      | Received a gift from Pakellas
 10200 | D:9      | Found a hazy altar of Hepliaklqana.
 10260 | D:9      | Reached skill level 7 in Stealth
 10324 | D:9      | Noticed p0werm0de's ghost (novice OgBe)
 10331 | D:9      | Killed p0werm0de's ghost
 10331 | D:9      | Reached skill level 9 in Evocations
 10331 | D:9      | Reached XP level 11. HP: 74/79 MP: 14/17
 10391 | D:9      | Noticed a wizard
 10395 | D:9      | Killed a wizard
 10411 | D:9      | Identified the Compendium of Vitriolic Transmigration (You found it on level 9 of the Dungeon)
 10517 | D:10     | Entered Level 10 of the Dungeon
 10823 | D:10     | Noticed a hill giant
 10829 | D:10     | Killed a hill giant
 10829 | D:10     | Reached skill level 13 in Long Blades
 11385 | D:10     | Found a staircase to the Orcish Mines.
 11504 | D:11     | Noticed a death yak
 11839 | D:10     | Killed a death yak
 11839 | D:10     | Reached skill level 8 in Stealth
 12601 | D:11     | Found a staircase to the Lair.
 12612 | Lair:1   | Entered Level 1 of the Lair of Beasts
 13395 | Lair:1   | Reached skill level 10 in Evocations
 13593 | Lair:2   | Reached ***** piety under Pakellas
 13593 | Lair:2   | Received a gift from Pakellas
 13761 | Lair:2   | Noticed Gastronok
 13802 | Lair:2   | Identified a +7 rod of inaccuracy (14/14) {!a} (Pakellas gifted it to you on level 2 of the Lair of Beasts)
 13804 | Lair:2   | Killed Gastronok
 13804 | Lair:2   | Reached skill level 14 in Long Blades
 13804 | Lair:2   | Reached XP level 12. HP: 85/85 MP: 8/19
 14043 | D:11     | Reached skill level 9 in Stealth
 14328 | D:11     | Found Eggih's Magic Scroll Boutique.
 14377 | D:11     | Bought a scroll of fog for 20 gold pieces
 14377 | D:11     | Bought a scroll of amnesia for 35 gold pieces
 14377 | D:11     | Bought a scroll of identify for 20 gold pieces
 14377 | D:11     | Bought a scroll of teleportation for 30 gold pieces
 14377 | D:11     | Bought a scroll of identify for 20 gold pieces
 14377 | D:11     | Bought 3 scrolls of teleportation for 90 gold pieces
 14377 | D:11     | Bought a scroll of identify for 20 gold pieces
 14557 | D:6      | Bought a scroll of enchant armour for 97 gold pieces
 14697 | D:11     | Found Hasecuy's Magic Scroll Emporium.
 14766 | D:11     | Reached skill level 1 in Shields
 14977 | D:11     | Found a portal to a secret trove of treasure.
 14987 | D:11     | Found Efilat's Weapon Emporium.
 15007 | D:11     | Found Lequr's Antique Weapon Shop.
 15055 | D:11     | Reached skill level 3 in Fighting
 15414 | D:11     | Noticed a six-headed hydra
 15417 | D:11     | Killed a six-headed hydra
 15417 | D:11     | Reached skill level 2 in Shields
 15669 | Lair:2   | Reached skill level 3 in Dodging
 15993 | Orc:1    | Entered Level 1 of the Orcish Mines
 15993 | Orc:1    | Noticed an orc high priest
 16000 | Orc:1    | Killed an orc high priest
 16000 | Orc:1    | Reached skill level 11 in Evocations
 16093 | D:10     | Reached skill level 4 in Fighting
 16093 | D:10     | Reached skill level 10 in Stealth
 16751 | D:10     | Reached skill level 3 in Shields
 17172 | Orc:2    | Entered Level 2 of the Orcish Mines
 17404 | Orc:2    | Noticed Rupert
 17958 | Orc:2    | Reached ****** piety under Pakellas
 17958 | Orc:2    | Reached skill level 5 in Fighting
 18105 | Orc:2    | Killed Rupert
 18105 | Orc:2    | Reached skill level 4 in Dodging
 18105 | Orc:2    | Reached XP level 13. HP: 87/100 MP: 15/21
 18731 | Orc:2    | Found a staircase to the Elven Halls.
 19205 | Orc:1    | Noticed Snorg
 19213 | Orc:1    | Killed Snorg
 19213 | Orc:1    | Reached skill level 4 in Shields
 19561 | Orc:1    | Reached skill level 11 in Stealth
 19849 | Orc:2    | Found Elu Touvoati's Assorted Antiques.
 19865 | Orc:2    | Reached skill level 12 in Evocations
 19875 | Orc:2    | Bought a scroll labeled PEGIPR OCAZO for 34 gold pieces
 19884 | Orc:2    | Found Saoth's Weapon Shoppe.
 20154 | Orc:2    | Found a roughly hewn altar of Beogh.
 20226 | Orc:2    | Reached skill level 6 in Fighting
 21130 | Orc:2    | Noticed an orc warlord
 21205 | Orc:2    | Found a roughly hewn altar of Beogh.
 21230 | Orc:2    | Killed an orc warlord
 21359 | Orc:2    | Found Wooseuth's Magic Scroll Boutique.
 21379 | Orc:2    | Reached skill level 5 in Dodging
 22249 | Orc:2    | Found Modecehe's Weapon Shop.
 22577 | Orc:2    | Bought a scroll of identify for 68 gold pieces
 22577 | Orc:2    | Bought a scroll of identify for 68 gold pieces
 22577 | Orc:2    | Bought a scroll of teleportation for 102 gold pieces
 22633 | Orc:2    | Bought a scroll of fog for 32 gold pieces
 22633 | Orc:2    | Bought a scroll of recharging for 152 gold pieces
 22633 | Orc:2    | Bought a scroll of fog for 32 gold pieces
 22633 | Orc:2    | Bought a scroll of identify for 32 gold pieces
 22633 | Orc:2    | Bought a scroll of identify for 32 gold pieces
 22633 | Orc:2    | Bought a scroll of magic mapping for 56 gold pieces
 22734 | D:11     | Bought a scroll of immolation for 35 gold pieces
 22734 | D:11     | Bought a scroll of fear for 35 gold pieces
 22871 | Lair:2   | Reached skill level 5 in Shields
 23749 | Lair:3   | Reached skill level 7 in Fighting
 23833 | Lair:3   | Found a hole to the Spider Nest.
 23971 | Lair:3   | Gained mutation: Your large and strong wings let you fly indefinitely. [Black Draconian growth]
 23971 | Lair:3   | Reached XP level 14. HP: 108/113 MP: 13/23
 24063 | Lair:3   | Reached skill level 12 in Stealth
 24097 | Lair:3   | Found a staircase to the Swamp.
 24405 | Lair:3   | Found a hide-covered altar of Uskayaw.
 25155 | Lair:4   | Reached skill level 13 in Evocations
 25439 | Lair:4   | Reached skill level 6 in Dodging
 26840 | Lair:6   | Entered Level 6 of the Lair of Beasts
 27138 | Lair:6   | Reached skill level 8 in Fighting
 27337 | Lair:6   | Found a viscous altar of Jiyva.
 27337 | Lair:6   | Found a staircase to the Slime Pits.
 28022 | Lair:6   | Reached skill level 13 in Stealth
 28350 | Lair:6   | Reached skill level 14 in Evocations
 29329 | Lair:6   | Reached XP level 15. HP: 106/123 MP: 17/25
 29745 | Lair:6   | Reached skill level 7 in Dodging
 30574 | D:12     | Found Doazipro's Food Shoppe.
 30693 | D:12     | Found a flickering gateway to a bazaar.
 30703 | Bazaar   | Entered a bazaar
 30705 | Bazaar   | Found Usoud's Jewellery Boutique.
 30709 | Bazaar   | Found Fiwnoaro's Gadget Boutique.
 30709 | Bazaar   | Found Cexe's Food Boutique.
 30710 | Bazaar   | Found Taliv's Assorted Antiques.
 30860 | D:12     | Found Itaux's Food Shop.
 32331 | D:13     | Reached skill level 9 in Fighting
 33189 | D:13     | Reached skill level 14 in Stealth
 33633 | D:14     | Noticed Louise
 33661 | D:14     | Killed Louise
 34100 | D:14     | Reached skill level 15 in Evocations
 34210 | D:14     | Found a gate to the Vaults.
 35033 | D:14     | Noticed Azrael
 35048 | D:14     | Found a runed door.
 35049 | D:14     | Noticed an iron dragon
 35050 | D:14     | Noticed a fire giant
 35261 | D:15     | Entered Level 15 of the Dungeon
 35397 | D:15     | Found a shimmering altar of Xom.
 35667 | D:15     | Reached skill level 8 in Dodging
 37222 | D:15     | Reached XP level 16. HP: 66/134 MP: 21/27
 37498 | D:15     | Found a staircase to the Depths.
 37733 | Swamp:1  | Entered Level 1 of the Swamp
 37896 | Swamp:1  | Reached skill level 10 in Fighting
 38172 | Elf:1    | Entered Level 1 of the Elven Halls
 38179 | Elf:1    | Noticed Frances
 38756 | Spider:1 | Entered Level 1 of the Spider Nest
 39201 | Spider:1 | Noticed Roxanne
 39230 | Spider:1 | Killed Roxanne
 39308 | Spider:1 | Reached skill level 15 in Stealth
 40902 | Elf:1    | Reached skill level 16 in Evocations
 41769 | Orc:2    | Killed Frances
 41769 | Orc:2    | Reached skill level 9 in Dodging
 41980 | Elf:1    | Noticed Kirke
 42824 | Orc:2    | Killed Kirke
 44004 | Elf:1    | Reached skill level 11 in Fighting
 45387 | Elf:2    | Reached XP level 17. HP: 119/144 MP: 29/29
 45713 | Elf:2    | Reached skill level 16 in Stealth
 45857 | Elf:2    | Reached skill level 1 in Throwing
 46278 | Elf:2    | Found Niugosen's Jewellery Shoppe.
 46301 | Elf:2    | Bought the ring "Huprifomm" {rN+ MR++ Slay+2} for 812 gold pieces
 46450 | Elf:2    | Found a runed gate.
 46450 | Elf:2    | Found a runed gate.
 46450 | Elf:2    | Found a runed gate.
 46552 | Elf:2    | Reached skill level 2 in Throwing
 46563 | Elf:2    | Reached skill level 17 in Evocations
 46726 | Elf:3    | Entered Level 3 of the Elven Halls
 46778 | Elf:3    | Found a magical portal.
 46791 | WizLab   | Entered Doroklohe's Tomb
 47631 | Elf:3    | Noticed Asterion
 47644 | Elf:3    | Killed Asterion
 47835 | Elf:3    | Reached skill level 3 in Throwing
 47887 | Elf:3    | Killed from afar by a crystal guardian

Vault maps used:
D:1:      matt_arrival_diagonals
D:2:      first_bread
D:3:      grunt_temple_overflow_open, lemuel_doored_altar,
          lemuel_coloured_pillars_altar, ecumenical_altar_2
D:4:      wad_rectangle_vault
D:5:      minmay_temple_entry_nine_rooms, basic_altar,
          johnstein_pakellas_death_squad
D:6:      serial_shops, shop, dk_rats_in_the_wall, uniq_menkaure
D:7:      minmay_klotski, kennysheep_generic_room_7, uniq_crazy_yiuf_cottage,
          uniq_pikel
D:8:      david_nohive_1, nemelex_diamond_rough_becter
D:9:      basic_altar, lightli_wizard_tower
D:10:     minmay_orc_entry_guard_dogs
D:11:     dpeg_lair_monsters, enter_trove_0, serial_shops,
          nicolae_shop_statue_plus, kennysheep_mini, nicolae_shop_behind_doors,
          shop, minmay_misc_feat_secret_circle, lemuel_flame_loot_1
D:12:     serial_shops, bzr_entry_islet, shop, shop, minmay_misc_feat_diagonals
D:14:     david_vaults_4, minmay_hidden_floor, uniq_azrael, uniq_louise
D:15:     hangedman_depths_entry_civil_slaughter, minmay_misc_feat_encased,
          basic_altar
Lair:1:   serial_bayou_shore_b
Lair:2:   grunt_megastairs_3, uniq_gastronok
Lair:3:   swamp_mist, spider_nest_entry_a, lemuel_centaur_altar,
          lemuel_fruit_fields
Lair:4:   st_stairs_11, serial_bayou_lagoon_a, grunt_megastairs_5
Lair:6:   minmay_lair_end_enchanted_forest, dpeg_slime_entry_enclosed_altar,
          st_stairs_9, small_statue_intersection
Swamp:1:  evilmike_swamp_ruin_house_4, uniq_josephine
Spider:1: spider_trap, minmay_another_anthill, uniq_roxanne
Orc:1:    uniq_snorg
Orc:2:    pubby_orc_utopia, serial_shops, uniq_rupert
Elf:1:    hangedman_corner_corridor, uniq_kirke, uniq_frances
Elf:2:    serial_shops, shop, minmay_crystal_room
Elf:3:    minmay_elf_hall_golems, infiniplex_enter_wizlab_glasses,
          basic_stair_grate_trap, uniq_asterion, uniq_jorgrun
Bazaar:   bazaar_minmay_cross
WizLab:   wizlab_doroklohe

Skill      XL: |  1  2  3  4  5  6  7  8  9 10 11 12 13 14 15 16 17 |
---------------+----------------------------------------------------+-----
Long Blades    | 3 4 5 6 7 9 11 12 14 | 14.0
Evocations     | 1 2 3 4 5 6 7 9 10 11 12 14 15 16 17 | 17.2
Stealth        | 1 3 5 7 8 10 11 13 14 15 16 | 16.0
Shields        | 3 5 |  5.0
Fighting       | 5 7 8 9 11 | 11.5
Dodging        | 4 5 6 8 9 |  9.9
Throwing       | 3 |  3.1
Spellcasting   | |  2.0
Translocations | |  3.0

Action                   |  1- 3 |  4- 6 |  7- 9 | 10-12 | 13-15 | 16-18 || total
-------------------------+-------+-------+-------+-------+-------+-------++-------
Melee: Falchion          |   148 |   146 |   255 |       |       |       ||   549
       Tailslap          |     9 |    21 |    44 |   109 |   333 |    97 ||   613
       Dagger            |       |       |    11 |   427 |   389 |   210 ||  1037
       Scimitar          |       |       |    67 |   478 |  1691 |   395 ||  2631
       Demon blade       |       |       |       |       |       |    12 ||    12
Throw: Tomahawk          |       |       |       |     1 |    10 |       ||    11
 Cast: Apportation       |       |       |       |     7 |       |     1 ||     8
       Blink             |       |       |       |     1 |       |       ||     1
Invok: Quick Charge      |       |       |     3 |    13 |    25 |    16 ||    57
       Device Surge      |       |       |       |     3 |     3 |     1 ||     7
 Abil: Evoke Berserk Rag |     2 |     9 |     1 |       |       |       ||    12
       Breathe Lightning |       |       |    18 |    35 |    13 |    16 ||    82
       Fly               |       |       |       |       |     1 |       ||     1
Evoke: Wand              |       |     2 |    19 |    57 |   147 |    89 ||   314
       Rod               |       |       |       |    14 |    96 |   123 ||   233
       Lamp of fire      |       |       |       |     2 |     1 |       ||     3
       Phial of floods   |       |       |       |       |     1 |       ||     1
  Use: Scroll            |     2 |     1 |     5 |    11 |    16 |     7 ||    42
       Potion            |       |       |       |       |     2 |     2 ||     4
 Stab: Sleeping          |       |     1 |     2 |    17 |    40 |    22 ||    82
       Paralysed         |       |       |    24 |    21 |   108 |    59 ||   212
       Distracted        |       |       |       |     6 |     8 |     1 ||    15
       Confused          |       |       |       |     2 |       |       ||     2
       Invisible         |       |       |       |       |     4 |       ||     4
  Eat: Chunk             |     4 |    10 |    21 |    43 |    64 |    37 ||   179
       Pizza             |       |     1 |       |       |       |       ||     1
       Beef jerky        |       |     1 |       |       |     1 |     1 ||     3
       Bread ration      |       |     1 |       |       |       |       ||     1
Armor: Skin              |    43 |    35 |   117 |   341 |   501 |   124 ||  1161
Dodge: Dodged            |    94 |    90 |   187 |   456 |   946 |   313 ||  2086
Block: Buckler           |       |       |       |   100 |   586 |   184 ||   870
       Reflection        |       |       |       |       |    13 |    30 ||    43
